 Dungeon Crawl Stone Soup version 0.30-a0-439-g9e77e4d916 (webtiles) character file.

Game seed: 18413541293727286402

223 dr0g0th the Poker (level 5, -4/40 HPs)
             Began as a Demonspawn Gladiator on Dec 11, 2022.
             Slain by Blork the orc
             ... wielding a +0 hand axe
              (7 damage)
             ... on level 4 of the Dungeon.
             The game lasted 00:04:49 (2800 turns).

dr0g0th the Poker (Demonspawn Gladiator)            Turns: 2800, Time: 00:04:49

Health: -4/40      AC:  5    Str: 12 (14) XL:     5   Next: 66%
Magic:  5/5        EV: 12    Int: 10      God:
Gold:   116        SH:  0    Dex: 16      Spells: 4/4 levels left

rFire   . . .      SeeInvis .    a - +1 trident
rCold   . . .      Faith    .    (no shield)
rNeg    . . .      Spirit   .    b - +0 leather armour
rPois   .          Reflect  .    c - +0 helmet
rElec   .          Harm     .    (no cloak)
rCorr   .          Rampage  .    j - +0 pair of gloves
Will    .....                    (no boots)
Stlth   ++........               (no amulet)
HPRegen 0.26/turn                (no ring)
MPRegen 0.18/turn                (no ring)

@: mighty, brilliant, weak-willed
A: magic regeneration
a: no special abilities


You were on level 4 of the Dungeon.
You visited 1 branch of the dungeon, and saw 4 of its levels.

You collected 116 gold pieces.

Inventory:

Hand Weapons
 a - a +1 trident (weapon)
Missiles
 d - 3 throwing nets (quivered)
 e - 6 javelins
Armour
 b - a +0 leather armour (worn)
 c - a +0 helmet (worn)
 j - a +0 pair of gloves (worn)
Jewellery
 f - a ring of wizardry
Scrolls
 k - 5 scrolls of identify
 n - a scroll of immolation
 r - a scroll of teleportation


   Skills:
 + Level 2.9 Fighting
 + Level 4.4 Polearms
 + Level 2.0 Throwing
 + Level 1.6 Armour
 + Level 3.1 Dodging
 + Level 1.3 Stealth


You had 4 spell levels left.
You didn't know any spells.
Your spell library was empty.

Dungeon Overview and Level Annotations

Branches:
Dungeon (4/15)
 Temple: D:4-7

Altars:
Ashenzari
Dithmenos
Yredelemnul

Annotations:
D:4 Blork the orc


Innate Abilities, Weirdness & Mutations

You regenerate magic rapidly.


Message History

Blork the orc comes into view.
He is wielding a +0 hand axe.
Okay, then.
As you read the scroll labelled SOJAKHL JITENG, it crumbles to dust.
It is a scroll of enchant weapon.
Your +0 trident glows red for a moment.
As you read the scroll labelled MUMNUA WIAGUAZ RAO, it crumbles to dust.
It is a scroll of amnesia.
You feel forgetful for a moment.
As you read the scroll labelled TILORHOOTA, it crumbles to dust.
Magic quickly surges around you.
It was a scroll of vulnerability.
Blork the orc casts a spell at you. The puff of flame hits you!
You reach to attack!
You puncture Blork the orc!
Blork the orc is moderately wounded.
You closely miss Blork the orc.
Blork the orc is moderately wounded.
Blork the orc gestures wildly while chanting.
Blork the orc seems to speed up.
You hit Blork the orc.
Blork the orc is heavily wounded.
Blork the orc hits you with a +0 hand axe!
You barely miss Blork the orc.
Blork the orc is heavily wounded.
Blork the orc miscasts a cantrip.
Blork the orc hits you but does no damage.
You barely miss Blork the orc. You punch Blork the orc.
Blork the orc is heavily wounded.
Blork the orc points at you and mumbles some strange words.
The puff of flame hits you.
Blork the orc hits you with a +0 hand axe.
You are too injured to fight recklessly!
It was a potion of brilliance.
You feel clever all of a sudden.
Blork the orc gestures at you while chanting.
The puff of frost hits you!
* * * LOW HITPOINT WARNING * * *
It was a potion of might.
You feel very mighty all of a sudden.
Blork the orc hits you with a +0 hand axe!
You die...

##...#####...##.†.....
#8...8# #8...8#.......
##...## ##...##.......
#...# #...#........
#..## ##...........
##.# ####.###.### #.#
#(# ... #.##########.#
.### #..@o.........
##########.#.# #.# #.#


You could see Blork the orc (fast, weak-willed).

Vanquished Creatures
  A necrophage (D:3)
  An iguana (D:4)
  Terence (D:2)
  4 adders (D:2)
  A worm (D:3)
  A dart slug (D:2)
  An orc (D:3)
  6 bats
  6 endoplasms
  2 giant cockroaches
  7 goblins
  5 hobgoblins
  3 jackals (D:1)
  6 kobolds
  5 quokkas
  6 ball pythons
  5 frilled lizards
  6 rats
67 creatures vanquished.

Notes
Turn   | Place    | Note
-------+----------+-------------------------------------------
     0 | D:1      | dr0g0th the Demonspawn Gladiator began the quest for the
                  | Orb.
     0 | D:1      | Reached XP level 1. HP: 16/16 MP: 1/1
   207 | D:1      | Found a faded altar of an unknown god.
   213 | D:1      | Gained mutation: You regenerate magic rapidly. [demonic
                  | ancestry]
   213 | D:1      | Reached XP level 2. HP: 19/22 MP: 2/2
   279 | D:1      | Reached skill level 3 in Polearms
   918 | D:2      | Reached XP level 3. HP: 24/27 MP: 3/3
  1272 | D:2      | Reached skill level 1 in Armour
  1486 | D:2      | Reached XP level 4. HP: 34/34 MP: 4/4
  1636 | D:3      | Noticed Terence
  1683 | D:2      | Killed Terence
  1802 | D:3      | Identified the +8 spear of Gravity {vorpal, rF++ rC+ Str+3}
  1872 | D:3      | Found a broken altar of Ashenzari.
  1889 | D:3      | Found a basalt altar of Yredelemnul.
  2050 | D:3      | You fall into a shaft and drop 1 floor!
  2053 | D:4      | Found a shadowy altar of Dithmenos.
  2092 | D:4      | Reached skill level 4 in Polearms
  2157 | D:3      | Noticed a necrophage
  2170 | D:3      | Killed a necrophage
  2171 | D:3      | Reached skill level 1 in Stealth
  2171 | D:3      | Reached XP level 5. HP: 36/39 MP: 5/5
  2788 | D:4      | Noticed Blork the orc
  2800 | D:4      | Slain by Blork the orc

Illustrated notes

Levels and vault maps discovered:
D:1:      dpeg_arrival_concentric_ovals, layout_basic, basic_ecumenical_altar,
          minmay_misc_feat_four_crosses
D:2:      layout_loops_ring, kennysheep_flooded_box, uniq_crazy_yiuf_cottage
D:3:      layout_loops_ring, yredelemnul_altar_generic,
          mainiacjoe_overflow_chevrons, uniq_terence
D:4:      nicolae_cairo_tiling_large, layout_loops_ring,
          nicolae_dithmenos_through_a_glass_darkly,
          minmay_temple_entry_overgrown, serial_shops, nicolae_shop_statue_plus,
          corexii_hall_statues_u, minmay_misc_feat_roman, uniq_menkaure,
          uniq_blork_the_orc

Skill      XL: |  1  2  3  4 |
---------------+-------------+-----
Throwing       | 2 |  2.0
Polearms       | 3 4 |  4.4
Dodging        | 3 |  3.1
Armour         | 1 |  1.6
Stealth        | 1 |  1.3
Fighting       | |  2.9

Action                   |  1- 3 |  4- 6 || total
-------------------------+-------+-------++-------
Melee: Trident           |   111 |   124 ||   235
       Punch             |     1 |     3 ||     4
  Use: Potion            |       |     8 ||     8
       Scroll            |       |     8 ||     8
 Stab: Sleeping          |     3 |     3 ||     6
       Invisible         |       |     2 ||     2
Armor: Leather armour    |    22 |    22 ||    44
       Skin              |       |    15 ||    15
Dodge: Dodged            |    48 |    55 ||   103

Table legend: (Time is in decaauts)
 A = Elapsed time spent in this place.
 B = Non-inter-level travel time spent in this place.
 C = Inter-level travel time spent in this place.
 D = Time resting spent in this place.
 E = Time spent auto-exploring this place.
 F = Levels seen in this place.
 G = Mean time per level.
                   A        B        C        D        E       F      G
               +--------+--------+--------+--------+--------+-----+--------+
         Total |   2832 |   2700 |    132 |    240 |   1943 |   4 |  708.0 |
       Dungeon |   2832 |   2700 |    132 |    240 |   1943 |   4 |  708.0 |
               +--------+--------+--------+--------+--------+-----+--------+

Top non-repeatable levels by time:
     D:2: 1049 daAuts
     D:1: 747 daAuts
     D:3: 701 daAuts
     D:4: 333 daAuts
